 Dungeon Crawl Stone Soup version 0.26-a0-660-gc07710193c (webtiles) character file.

Game seed: 16428563141825005421

23 jiml777 the Grasshopper (level 2, -11/26 HPs)
             Began as a Gnoll Warper on Oct 5, 2020.
             Mangled by an ice beast (12 damage)
             ... on level 2 of the Dungeon.
             The game lasted 00:03:15 (1071 turns).

jiml777 the Grasshopper (Gnoll Warper)              Turns: 1071, Time: 00:03:16

Health: -11/26     AC:  5    Str: 13    XL:     2   Next: 95%
Magic:  7/7        EV: 12    Int: 15    God:
Gold:   110        SH:  0    Dex: 14    Spells: 10/10 levels left

rFire    . . .     SeeInvis .   a - +0 hand axe
rCold    . . .     Faith    .   (no shield)
rNeg     . . .     Spirit   .   m - +0 ring mail
rPois    .         Reflect  .   (no helmet)
rElec    .         Harm     .   (no cloak)
rCorr    .         Rampage  .   (no gloves)
MR       .....                  (no boots)
Stlth    +.........             (no amulet)
HPRegen  0.08/turn              (no ring)
MPRegen  0.10/turn              (no ring)

@: no status effects
A: distributed training, fangs 1, strong nose
a: no special abilities


You were on level 2 of the Dungeon.
You visited 1 branch of the dungeon, and saw 2 of its levels.

You collected 110 gold pieces.

Inventory:

Hand Weapons
 a - a +0 hand axe (weapon)
Missiles
 e - 5 boomerangs of dispersal (quivered)
 f - 9 poisoned darts
Armour
 b - a +0 leather armour
 m - a +0 ring mail (worn)
Jewellery
 o - an uncursed ring of fire
Scrolls
 c - a scroll of fog {unknown}
 d - 2 scrolls of blinking
 h - a scroll of amnesia {unknown}
 j - a scroll of enchant armour {unknown}
 l - a scroll of identify {unknown}
 n - a scroll of teleportation {unknown}
 q - a scroll of enchant weapon {unknown}
Potions
 g - a potion of berserk rage {unknown}
 i - a potion of stabbing {unknown}
 k - a potion of flight {unknown}
 p - a potion of brilliance {unknown}


   Skills:
 + Level 4.5 Fighting
 + Level 0.5 Short Blades
 + Level 0.5 Long Blades
 + Level 4.5 Axes
 + Level 0.5 Maces & Flails
 + Level 0.5 Polearms
 + Level 0.5 Staves
 + Level 0.5 Slings
 + Level 0.5 Bows
 + Level 0.5 Crossbows
 + Level 2.5 Throwing
 + Level 2.5 Armour
 + Level 4.5 Dodging
 + Level 0.5 Stealth
 + Level 0.5 Shields
 + Level 0.5 Unarmed Combat
 + Level 4.9 Spellcasting
 + Level 0.4 Conjurations
 + Level 0.4 Hexes
 + Level 0.4 Summonings
 + Level 0.4 Necromancy
 + Level 5.4 Translocations
 + Level 0.4 Transmutations
 + Level 0.4 Fire Magic
 + Level 0.4 Ice Magic
 + Level 0.4 Air Magic
 + Level 0.4 Earth Magic
 + Level 0.4 Poison Magic
 + Level 0.7 Invocations
 + Level 0.5 Evocations


You had 10 spell levels left.
You didn't know any spells.
Your spell library contained the following spells:

 Spells                   Type           Power        Failure   Level
 Blink                    Tloc           N/A          5%          2
 Gell's Gravitas          Tloc           ###.......   11%         3
 Lesser Beckoning         Tloc           ###.......   11%         3
 Teleport Other           Tloc           ###.....     11%         3
 Passage of Golubria      Tloc           N/A          36%         4


Dungeon Overview and Level Annotations

Branches:
Dungeon (2/15)

Altars:
Xom


Innate Abilities, Weirdness & Mutations

Your experience applies equally to all skills.
You have very sharp teeth.
Your uncanny sense of smell can sniff out nearby items.


Message History

You closely miss the ice beast.
The ice beast is lightly wounded.
The ice beast hits you. The ice beast freezes you!
You slash the ice beast! You bite the ice beast.
The ice beast is moderately wounded.
The ice beast hits you but does no damage.
Your ring mail prevents you from hitting the ice beast.
The ice beast is moderately wounded.
The ice beast hits you but does no damage.
You hit the ice beast.
The ice beast is heavily wounded.
The ice beast barely misses you. The ice beast hits you.
The ice beast freezes you!
* * * LOW HITPOINT WARNING * * *
You closely miss the ice beast.
The ice beast is heavily wounded.
The ice beast hits you.
* * * LOW HITPOINT WARNING * * *
The ice beast freezes you!
You die...

#..........###.........>
#.......##........<.....
#.......######..........
#.......# #..........
#.......######..........
#.#...#.##..............
#.####..##..............
#.........###...........
#......@................
#......Y................
#.......................
#.......................
#...............^......#
#..............#........
##............########..
.....####....#


You could see an ice beast.

Vanquished Creatures
  An ooze (D:1)
  4 bats (D:1)
  2 goblins (D:1)
  A hobgoblin (D:2)
  3 jackals (D:1)
  2 kobolds (D:2)
  2 frilled lizards (D:1)
  2 rats (D:2)
17 creatures vanquished.

Notes
Turn   | Place    | Note
-------+----------+-------------------------------------------
     0 | D:1      | jiml777 the Gnoll Warper began the quest for the Orb.
     0 | D:1      | Reached XP level 1. HP: 20/20 MP: 6/6
    65 | D:1      | Found a shimmering altar of Xom.
   166 | D:1      | Reached XP level 2. HP: 26/26 MP: 7/7
  1061 | D:2      | Noticed an ice beast
  1071 | D:2      | HP: 1/26 [ice beast (2)]
  1071 | D:2      | Mangled by an ice beast

Illustrated notes

Levels and vault maps discovered:
D:1:      minmay_arrival_stair_chambers, layout_loops_ring, xom_teletrap_fun
D:2:      layout_rooms

Action                   || total
-------------------------++-------
Melee: Hand axe          ||    71
       Bite              ||     7
Armor: Leather armour    ||    26
       Ring mail         ||     6
Dodge: Dodged            ||    63

Table legend: (Time is in decaauts)
 A = Elapsed time spent in this place.
 B = Non-inter-level travel time spent in this place.
 C = Inter-level travel time spent in this place.
 D = Time resting spent in this place.
 E = Time spent auto-exploring this place.
 F = Levels seen in this place.
 G = Mean time per level.
                   A        B        C        D        E       F      G
               +--------+--------+--------+--------+--------+-----+--------+
         Total |   1074 |   1039 |     35 |      0 |    725 |   2 |  537.0 |
       Dungeon |   1074 |   1039 |     35 |      0 |    725 |   2 |  537.0 |
               +--------+--------+--------+--------+--------+-----+--------+

Top non-repeatable levels by time:
     D:1: 754 daAuts
     D:2: 320 daAuts
